 Dungeon Crawl Stone Soup version 0.26.1-2-gb8aa6d0cf2 (webtiles) character file.

Game seed: 16329503607014671227

22393 theEndsummarily the Grappler (level 12, -8/162 (168) HPs)
             Began as a Palentonga Transmuter on Feb 5, 2021.
             Was a Priest of Qazlal.
             Mangled by a +0 rapier of chaos (10 damage)
             ... while petrified by a +0 rapier of chaos
             ... on level 12 of the Dungeon on Feb 10, 2021.
             The game lasted 01:38:00 (18241 turns).

theEndsummarily the Grappler (PaTm)                Turns: 18241, Time: 01:38:00

HP:   -8/162 (168)  AC: 26    Str: 20    XL:     12   Next: 62%
MP:   14/20         EV:  1    Int: 16    God:    Qazlal [***...]
Gold: 818           SH:  0    Dex: 13    Spells: 6/21 levels left

rFire    . . .     SeeInvis +     - Unarmed
rCold    . . .     Faith    .   D - +0 buckler
rNeg     + + +     Spirit   .   (armour currently unavailable)
rPois    ∞         Reflect  +   (helmet currently unavailable)
rElec    .         Harm     .   (cloak currently unavailable)
rCorr    .         Rampage  .   (gloves currently unavailable)
Will     .....     NoTele   +   (no barding)
Stlth    +.........             x - amulet of reflection
HPRegen  0.37/turn              m - +6 ring of strength
MPRegen  0.17/turn              (no ring)

@: agile, lethally poisoned (-8 -> -8), tree-form, petrified, hasted, lightly
drained
A: large, rugged brown scales 3, see invisible
a: Renounce Religion, Upheaval, Elemental Force


You were on level 12 of the Dungeon.
You worshipped Qazlal.
Qazlal was most pleased with you.
You were a tree.
You visited 2 branches of the dungeon, and saw 13 of its levels.
You also visited: Sewer.

You collected 902 gold pieces.
You spent 84 gold pieces at shops.

Inventory:

Hand Weapons
 L - a +5 mace
 R - the cursed +1 glaive "Soagerch" {flame, rPois, unknown}
   (You found it on level 12 of the Dungeon)

   It has been specially enchanted to burn those struck by it, causing extra
   injury to most foes and up to half again as much damage against particularly
   susceptible opponents.
   Big, fiery blades are also staple armaments of hydra-hunters.
   It protects you from poison.
   It has a curse placed upon it.
Missiles
 j - 3 curare-tipped darts (quivered)
 T - 7 boomerangs
 W - 16 poisoned darts
Armour
 s - a +0 ring mail of willpower
 y - a +0 cloak (melded)
 D - a +0 buckler (worn)
 F - a +3 leather armour
 O - a +2 robe of cold resistance (melded)
 P - a +4 chain mail of poison resistance
 Q - a +0 troll leather armour
 V - a +0 plate armour of fire resistance
Magical Staves
 S - an uncursed staff of cold
Jewellery
 m - a +6 ring of strength (left branch)
 x - an amulet of reflection (around neck)
Wands
 u - a wand of paralysis (10)
 z - a wand of flame (15)
 B - a wand of polymorph (20)
 C - a wand of enslavement (7)
 M - a wand of iceblast (10)
Scrolls
 b - 6 scrolls of fog
 c - 16 scrolls of identify
 e - 2 scrolls of amnesia
 g - 2 scrolls of blinking {unknown}
 i - 9 scrolls of teleportation
 l - 3 scrolls of immolation
 o - 7 scrolls of remove curse
 t - a scroll of enchant weapon {unknown}
 v - 5 scrolls of enchant armour
 A - 2 scrolls of magic mapping {unknown}
 U - a scroll of vulnerability {unknown}
Potions
 a - a potion of ambrosia {unknown}
 d - 5 potions of haste
 f - 3 potions of might {unknown}
 h - 5 potions of curing
 k - 2 potions of mutation
 n - 3 potions of heal wounds
 p - a potion of experience {unknown}
 q - a potion of resistance
 r - 4 potions of flight
 w - a potion of lignification
 E - a potion of attraction {unknown}
 G - a potion of invisibility {unknown}
 H - a potion of cancellation {unknown}
 I - a potion of brilliance {unknown}
Miscellaneous
 J - a box of beasts
 K - a condenser vane
 N - a tin of tremorstones (2/2)


   Skills:
 + Level 9.6 Fighting
 + Level 8.3 Dodging
 + Level 10.1 Unarmed Combat
 + Level 5.3 Spellcasting
 + Level 9.8 Transmutations
 + Level 9.0 Invocations


You had 6 spell levels left.
You knew the following spells:

 Your Spells              Type           Power        Failure   Level
a - Beastly Appendage     Tmut           70%          1%          1
b - Wereblood             Tmut           35%          1%          2
c - Spider Form           Tmut/Pois      10%          10%         3
d - Blade Hands           Tmut           17%          12%         5
e - Ice Form              Ice/Tmut       20%          32%         4

Your spell library contained the following spells:

 Spells                   Type           Power        Failure   Level
 Animate Skeleton         Necr           8%           24%         1
 Apportation              Tloc           8%           24%         1
 Corona                   Hex            4%           24%         1
 Summon Small Mammal      Summ           16%          24%         1


Dungeon Overview and Level Annotations

Branches:
Dungeon (12/15)            Temple (1/1) D:7            Lair (0/6) D:10
    Orc (0/2) D:12          Sewer (visited)

Altars:
Ashenzari
Cheibriados
Dithmenos
Elyvilon
Fedhas
Gozag
Hepliaklqana
Kikubaaqudgha
Makhleb
Nemelex Xobeh
Okawaru
Qazlal
Ru
Sif Muna
Trog
Uskayaw
Vehumet
Wu Jian
Xom
Yredelemnul
Zin
The Shining One

Shops:
D:5 ?   D:12 *

Annotations:
D:11 2 runed translucent doors


Innate Abilities, Weirdness & Mutations

(You are completely covered in rugged brown scales. (AC +3, +7% HP))
You have supernaturally acute eyesight. (SInv)
((Armour fits poorly on your strangely shaped body.))
((You can roll at nearby foes to attack.))
((You have a long armoured tail.))
((You curl defensively after being hit.))


Message History

You feel very sick.
The +0 rapier of chaos hits you but does no damage.
The +0 rapier of chaos hits you!
* * * LOW HITPOINT WARNING * * *
The +0 rapier of chaos hits you but does no damage.
Your limbs are stiffening.
You hit the +0 rapier of chaos but do no damage.
The +0 rapier of chaos is severely damaged.
You feel sick.
The +0 rapier of chaos hits you but does no damage.
You are electrocuted!
* * * LOW HITPOINT WARNING * * *
The +0 rapier of chaos hits you.
You have turned to stone.
You feel yourself speed up.
The +0 rapier of chaos hits you but does no damage.
The +0 rapier of chaos hits you but does no damage. x2
The +0 rapier of chaos hits you.
* * * LOW HITPOINT WARNING * * *
You are electrocuted!!
You die...

#........................# #..#
#........................# #..#
#........................# #..#
#.....>.............>....# #..#
#........................# #..#
#.............(..........# #..#
#...........###.(.......(# #..#
#..........##[#.○........####..#
#..........#._(♣°...............
#..........##(#......(..........
#########..####..####..########.
#..# #..# #..# #. #..# #..# #..#
#. #..# #..####..# #. #..#
#........# #. #..####........#
#. #########..).....####..# #.


You could see a +0 rapier of chaos.

Vanquished Creatures
  Snorg (D:12)
  The ghost of Alvadar the Thaumaturge, a journeyman DgCj (D:12)
  A hydra (D:11)
  Fannar (D:11)
  A centaur warrior (D:11)
  5 two-headed ogres
  3 skeletal warriors (D:11)
  2 unseen horrors
  Pikel (D:7)
  An ugly thing (D:11)
  A deep elf mage (D:12)
  A cyclops (D:11)
  Psyche (D:9)
  A gargoyle (D:10)
  2 kobold demonologists (D:11)
  A komodo dragon (D:10)
  3 trolls
  10 yaks
  A basilisk (D:12)
  2 wraiths (D:10)
  2 water moccasins
  A hornet zombie (D:10)
  4 orc warriors
  4 sky beasts
  2 phantoms
  A black bear (D:8)
  3 ogres
  A boggart (D:11)
  5 centaurs
  An eye of draining (D:8)
  3 lemures (D:7)
  6 big kobolds
  11 bullfrogs
  A wyvern zombie (D:11)
  A gnoll sergeant (D:10)
  8 scorpions
  10 wights
  3 killer bees (D:8)
  3 electric eels (D:9)
  6 howler monkeys
  5 jellies
  3 quasits
  4 centaur skeletons
  5 bullfrog zombies
  3 orc priests
  7 hounds
  5 orc wizards
  4 bullfrog skeletons
  2 centaur zombies
  3 iguanas
  10 worker ants
  2 merfolk sirens (Sewer)
  A merfolk avatar (Sewer)
  3 hound zombies
  2 hound skeletons
  3 worker ant zombies
  6 gnolls
  11 adders
  A river rat (Sewer)
  A shadow imp (D:9)
  A white imp (D:6)
  2 ufetubi
  2 oozes
  An adder zombie (D:6)
  An adder skeleton (D:8)
  2 worms (D:2)
  3 dart slugs
  7 leopard geckos
  44 orcs
  9 bats
  11 giant cockroaches
  7 goblins
  5 hobgoblins
  7 jackals
  2 quokkas
  6 frilled lizards (Sewer)
  6 kobolds
  A leopard gecko zombie (D:7)
  26 rats
340 creatures vanquished.

Vanquished Creatures (others)
  A quokka (D:11)
  37 plants
38 creatures vanquished.

Grand Total: 378 creatures vanquished

Notes
Turn   | Place    | Note
-------+----------+-------------------------------------------
     0 | D:1      | theEndsummarily the Palentonga Transmuter began the quest
                  | for the Orb.
     0 | D:1      | Reached XP level 1. HP: 17/17 MP: 3/3
   697 | D:1      | Reached XP level 2. HP: 24/24 MP: 3/5
  1352 | D:2      | Reached XP level 3. HP: 28/29 MP: 6/6
  1947 | D:3      | Reached XP level 4. HP: 3/38 MP: 7/7
  3171 | D:4      | Reached XP level 5. HP: 22/43 MP: 6/9
  3615 | D:4      | Noticed a phantom
  3782 | D:4      | Noticed an ogre
  3822 | D:5      | Entered Level 5 of the Dungeon
  3826 | D:5      | Learned a level 2 spell: Wereblood
  3836 | D:5      | Reached skill level 4 in Unarmed Combat
  3836 | D:5      | Reached XP level 6. HP: 45/53 MP: 10/10
  3867 | D:5      | Noticed a sky beast
  3975 | D:5      | Found Xenk's Magic Scroll Shop.
  3990 | D:5      | Bought a scroll of teleportation for 36 gold pieces
  3990 | D:5      | Bought a scroll of random uselessness for 12 gold pieces
  3990 | D:5      | Bought a scroll of identify for 24 gold pieces
  4096 | D:5      | Killed a sky beast
  4315 | D:5      | Gained mutation: You curl defensively after being hit.
                  | [Palentonga growth]
  4315 | D:5      | Reached XP level 7. HP: 54/60 MP: 12/12
  4492 | D:5      | Found a glowing drain.
  4501 | Sewer    | Entered a sewer
  5944 | D:6      | Reached skill level 5 in Unarmed Combat
  5953 | D:6      | Found a broken altar of Ashenzari.
  6104 | D:6      | Reached XP level 8. HP: 67/70 MP: 14/14
  6268 | D:6      | Upgraded the game from 0.26.1 to 0.26.1-2-gb8aa6d0cf2
  7549 | D:7      | Reached skill level 5 in Transmutations
  7841 | D:7      | Found a staircase to the Ecumenical Temple.
  7856 | Temple   | Entered the Ecumenical Temple
  8155 | Temple   | Became a worshipper of Qazlal Stormbringer
  8637 | D:7      | Noticed Pikel
  8668 | D:7      | Killed Pikel
  8669 | D:7      | Reached skill level 5 in Fighting
  8669 | D:7      | Reached skill level 6 in Unarmed Combat
  8669 | D:7      | Reached XP level 9. HP: 32/79 MP: 16/16
  9736 | D:8      | Reached skill level 5 in Dodging
  9834 | D:8      | Learned a level 3 spell: Spider Form
 10478 | D:8      | Reached * piety under Qazlal
 10508 | D:9      | Noticed Psyche
 10523 | D:9      | Killed Psyche
 11042 | D:9      | Reached skill level 7 in Unarmed Combat
 11465 | D:9      | Reached XP level 10. HP: 89/89 MP: 15/17
 12290 | D:10     | Entered Level 10 of the Dungeon
 12321 | D:10     | Reached skill level 5 in Invocations
 12345 | D:10     | Noticed a two-headed ogre
 12427 | D:10     | Noticed a gargoyle
 12433 | D:9      | Reached ** piety under Qazlal
 12605 | D:10     | Killed a gargoyle
 12921 | D:10     | Noticed a two-headed ogre
 12932 | D:10     | Killed a two-headed ogre
 13011 | D:10     | Killed a two-headed ogre
 13012 | D:10     | Reached skill level 8 in Unarmed Combat
 13673 | D:10     | Reached XP level 11. HP: 44/99 MP: 18/18
 13957 | D:10     | Found a staircase to the Lair.
 14190 | D:11     | Noticed a two-headed ogre
 14200 | D:11     | Killed a two-headed ogre
 14316 | D:11     | Found a blossoming altar of Fedhas.
 14796 | D:11     | Noticed a sun demon
 14834 | D:11     | Found a white marble altar of Elyvilon.
 14920 | D:11     | Noticed an unseen horror
 14929 | D:11     | Killed an unseen horror
 14985 | D:11     | Reached *** piety under Qazlal
 14990 | D:11     | Noticed a skeletal warrior
 14992 | D:11     | Noticed a skeletal warrior
 14996 | D:11     | Noticed a skeletal warrior
 15321 | D:11     | Noticed a skeletal warrior
 15365 | D:11     | Noticed a centaur warrior
 15376 | D:11     | Killed a centaur warrior
 15377 | D:11     | Reached skill level 9 in Unarmed Combat
 16302 | D:10     | Learned a level 5 spell: Blade Hands
 16358 | D:11     | Noticed a white ugly thing
 16361 | D:11     | Killed a skeletal warrior
 16373 | D:11     | Killed a white ugly thing
 16571 | D:11     | Killed a skeletal warrior
 16648 | D:11     | Killed a skeletal warrior
 16649 | D:11     | Reached XP level 12. HP: 108/110 MP: 13/19
 16684 | D:11     | Noticed a four-headed hydra
 16718 | D:11     | Killed a four-headed hydra
 16812 | D:11     | Noticed a two-headed ogre
 16819 | D:11     | Killed a two-headed ogre
 17067 | D:11     | Found a runed translucent door.
 17067 | D:11     | Found a runed translucent door.
 17067 | D:11     | Noticed a centaur warrior
 17089 | D:11     | Noticed Fannar
 17092 | D:11     | Found a hide-covered altar of Uskayaw.
 17095 | D:11     | Killed Fannar
 17298 | D:12     | Noticed Snorg
 17304 | D:12     | Killed Snorg
 17466 | D:12     | Learned a level 4 spell: Ice Form
 17503 | D:12     | Got a crystal glaive
 17518 | D:12     | Found a runed translucent door.
 17519 | D:12     | Found a shimmering altar of Xom.
 17519 | D:12     | Noticed Alvadar's ghost (journeyman DgCj)
 17570 | D:12     | Found Dimoasomm's General Store.
 17609 | D:12     | Reached skill level 5 in Spellcasting
 17613 | D:12     | Bought a scroll of noise for 12 gold pieces
 17769 | D:12     | Noticed a two-headed ogre
 17773 | D:12     | Killed a two-headed ogre
 17776 | D:12     | Reached skill level 10 in Unarmed Combat
 17861 | D:12     | Found a staircase to the Orcish Mines.
 18219 | D:12     | Killed Alvadar's ghost
 18238 | D:12     | HP: 3/162 [+0 rapier of chaos (10)]
 18241 | D:12     | Mangled by a +0 rapier of chaos

Illustrated notes

Levels and vault maps discovered:
D:1:      nicolae_arrival_washed_ashore, layout_basic
D:2:      layout_basic, wad_floor_pattern_untrapped
D:3:      layout_loops_ring
D:4:      layout_loops_ring
D:5:      layout_gridville, serial_shops, shop, cheibrodos_sewer_entry_sluice
D:6:      layout_rooms, evilmike_ruin_ashenzari
D:7:      layout_loops_corners, minmay_temple_entry_crystal_x, uniq_pikel
D:8:      layout_gridville, grunt_decor_junction
D:9:      layout_basic, serial_park_tiny_pond, uniq_psyche
D:10:     layout_loops_ring, david_lair_shrubbed
D:11:     minmay_the_grid_triangle_9x9_rhombus_full_mashed
          [minmay_the_grid_triangle_9x9_semitri,
          minmay_the_grid_triangle_9x9_stretched_checkered,
          minmay_the_grid_triangle_9x9_pentomino_pain,
          minmay_the_grid_triangle_9x9_shrine,
          minmay_the_grid_triangle_9x9_longest,
          minmay_the_grid_triangle_9x9_tough_junction,
          minmay_the_grid_triangle_9x9_flanged_cone,
          minmay_the_grid_triangle_9x9_prize_top_heavy], layout_cross,
          basic_altar, st_stairs_13, elyvilon_altar_4, uniq_fannar
D:12:     layout_small_grid, david_orc_2, serial_shops,
          nicolae_shop_statue_plus, ebering_ghost_xom, mrwooster_statue_mirror,
          uniq_snorg
Temple:   minmay_crystal_snake_temple

Skill      XL: |  1  2  3  4  5  6  7  8  9 10 11 12 |
---------------+-------------------------------------+-----
Dodging        | 2 3 4 5 6 7 8 |  8.3
Fighting       | 2 3 4 5 6 7 8 9 |  9.6
Transmutations | 3 4 5 6 7 9 |  9.8
Spellcasting   | 3 4 5 |  5.3
Unarmed Combat | 4 5 6 7 8 9 10 | 10.1
Invocations    | 2 4 6 8 9 |  9.0

Action                   |  1- 3 |  4- 6 |  7- 9 | 10-12 || total
-------------------------+-------+-------+-------+-------++-------
Melee: Unarmed           |    90 |   134 |   565 |   475 ||  1264
       Headbutt          |     7 |    10 |    76 |    74 ||   167
       Tailslap          |     8 |    18 |    59 |    77 ||   162
       Kick              |    10 |    20 |   106 |   129 ||   265
       Punch             |       |       |     5 |    20 ||    25
Throw: Boomerang         |       |       |    18 |    11 ||    29
       Dart              |       |       |     1 |     5 ||     6
 Cast: Beastly Appendage |     9 |    13 |    50 |    46 ||   118
       Wereblood         |       |     2 |     6 |     3 ||    11
       Spider Form       |       |       |     1 |       ||     1
       Blade Hands       |       |       |       |    13 ||    13
Invok: Upheaval          |       |       |       |     4 ||     4
 Abil: Rolling Charge    |     1 |     2 |    20 |    53 ||    76
       End Transformatio |       |       |     1 |     1 ||     2
  Use: Potion            |     1 |       |     3 |     4 ||     8
       Scroll            |       |     1 |     5 |     6 ||    12
 Stab: Sleeping          |       |     1 |       |       ||     1
       Distracted        |       |       |     2 |       ||     2
Armor: Robe              |    29 |    23 |       |    16 ||    68
       Ring mail         |       |    12 |    90 |       ||   102
       Leather armour    |       |       |    87 |    53 ||   140
       Skin              |       |       |       |     6 ||     6
Dodge: Dodged            |    47 |    53 |   207 |   186 ||   493
Block: Other             |       |       |    79 |   133 ||   212
       Reflection        |       |       |     4 |     9 ||    13
       Buckler           |       |       |       |    29 ||    29
